SKY
CALIFORNIA ANGELS @ ARIZONA DIAMONDBACKS
04/17/2052
 
TOP OF THE 1ST
California Angels batting - Pitching for Arizona Diamondbacks : RHP Anwell Kea
Pitching: RHP Anwell Kea
Batting: LHB Archer Carol 0-0: Swinging Strike
0-1: Swinging Strike
0-2: Foul Ball, location: 2F
0-2: Foul Ball, location: 7LMF
0-2: Ball
1-2: Strikes out looking
Batting: RHB River Grote 0-0: Called Strike
0-1: Ball
1-1: Ball
2-1: Foul Ball, location: 2F
2-2: Ball
3-2: Strikes out swinging
Batting: LHB Skyler Angelillo 0-0: Ball
1-0: Ball
2-0: Foul Ball, location: 2F
2-1: Foul Ball, location: 3F
2-2: Ball
3-2: Foul Ball, location: 2F
3-2: Fly out, F9 (Line Drive, 9S, EV 97.5 MPH)
Top of the 1st over - 0 runs, 0 hits, 0 errors, 0 left on base; California 0 - Arizona 0
BOTTOM OF THE 1ST
Arizona Diamondbacks batting - Pitching for California Angels : RHP Daniel Abreu
Pitching: RHP Daniel Abreu
Batting: RHB Gaius Raton 0-0: Ball
1-0: Swinging Strike
1-1: Foul Ball, location: 5F
1-2: Ball
2-2: Ball
3-2: Ground out 5-3 (Groundball, 56, EV 81.9 MPH)
Batting: LHB Wil Solís 0-0: Called Strike
0-1: Foul Ball, location: 2F
0-2: Ball
1-2: Strikes out swinging
Batting: LHB Peter Conrad 0-0: Called Strike
0-1: Ball
1-1: Fly out, F9 (Flyball, 9D, EV 96.3 MPH)
Bottom of the 1st over - 0 runs, 0 hits, 0 errors, 0 left on base; California 0 - Arizona 0
TOP OF THE 2ND
California Angels batting - Pitching for Arizona Diamondbacks : RHP Anwell Kea
Batting: LHB Adrian Phillips 0-0: Ball
1-0: Fly out, F9 (Line Drive, 9D, EV 97.5 MPH)
Batting: RHB Luke Storey 0-0: Ball
1-0: Ball
2-0: Called Strike
2-1: Swinging Strike
2-2: SINGLE (Line Drive, 56D, EV 98.8 MPH)
Batting: SHB Michael Dodson 0-0: Called Strike
0-1: Fly out, F7 (Flyball, 7LS, EV 94.4 MPH)
Batting: LHB Wilfredo Ocanas 0-0: Fly out, F9 (Flyball, 9, EV 74.4 MPH)
Top of the 2nd over - 0 runs, 1 hit, 0 errors, 1 left on base; California 0 - Arizona 0
BOTTOM OF THE 2ND
Arizona Diamondbacks batting - Pitching for California Angels : RHP Daniel Abreu
Batting: LHB Glenn Pichardo 0-0: Called Strike
0-1: Ball
1-1: Swinging Strike
1-2: Foul Ball, location: 23F
1-2: Ball
2-2: Strikes out swinging
Batting: RHB Duncan Hancock 0-0: Ball
1-0: Ground out 6-3 (Groundball, 6S, EV 65.0 MPH)
Batting: LHB Michael Freeman 0-0: Called Strike
0-1: Foul Ball, location: 9LSFF
0-2: Foul Ball, location: 25F
0-2: Ball
1-2: Ball
2-2: Foul Ball, location: 2F
2-2: Ball
3-2: Foul Ball, location: 7LSF
3-2: Ground out U3 (Groundball, 3L, EV 105.6 MPH)
Bottom of the 2nd over - 0 runs, 0 hits, 0 errors, 0 left on base; California 0 - Arizona 0
TOP OF THE 3RD
California Angels batting - Pitching for Arizona Diamondbacks : RHP Anwell Kea
Batting: RHB Isaac Keenan 0-0: Called Strike
0-1: Foul Ball, location: 2F
0-2: Ball
1-2: Foul Ball, location: 25F
1-2: Foul Ball, location: 9LSF
1-2: Ground out 6-3 (Groundball, 6, EV 90.6 MPH)
Batting: LHB Drury Robinson 0-0: Ball
1-0: Fly out, F2 (Popup, 3SF, EV 75.0 MPH)
Batting: LHB Archer Carol 0-0: SINGLE (Line Drive, 56D, EV 95.6 MPH)
Batting: RHB River Grote 0-0: Foul Ball, location: 2F
0-1: Ground out 4-3 (Groundball, 4, EV 99.4 MPH)
Top of the 3rd over - 0 runs, 1 hit, 0 errors, 1 left on base; California 0 - Arizona 0
BOTTOM OF THE 3RD
Arizona Diamondbacks batting - Pitching for California Angels : RHP Daniel Abreu
Batting: RHB Tadd Bateman 0-0: Called Strike
0-1: Foul Ball, location: 9LMF
0-2: Ball
1-2: Strikes out swinging
Batting: RHB Josef Horne 0-0: Called Strike
0-1: Ball
1-1: Fly out, F8 (Flyball, 8LD, EV 104.4 MPH)
Batting: RHB Luís Estrada 0-0: Swinging Strike
0-1: Foul Ball, location: 5DF
0-2: Ball
1-2: Strikes out swinging
Bottom of the 3rd over - 0 runs, 0 hits, 0 errors, 0 left on base; California 0 - Arizona 0
TOP OF THE 4TH
California Angels batting - Pitching for Arizona Diamondbacks : RHP Anwell Kea
Batting: LHB Skyler Angelillo 0-0: Called Strike
0-1: Ground out U3 (Groundball, 3, EV 77.5 MPH)
Batting: LHB Adrian Phillips 0-0: SINGLE (Flyball, 8RS, EV 87.5 MPH)
Batting: RHB Luke Storey 0-0: Foul Ball, location: 9LSF
0-1: Ball
1-1: Called Strike
1-2: Fly out, F8 (Flyball, 78D, EV 110.0 MPH)
Batting: SHB Michael Dodson 0-0: Ball
1-0: Ball
2-0: Ground out 6-3 (Groundball, 6M, EV 101.9 MPH)
Top of the 4th over - 0 runs, 1 hit, 0 errors, 1 left on base; California 0 - Arizona 0
BOTTOM OF THE 4TH
Arizona Diamondbacks batting - Pitching for California Angels : RHP Daniel Abreu
Batting: RHB Gaius Raton 0-0: Ball
1-0: Foul Ball, location: 5FF
1-1: Called Strike
1-2: Ball
2-2: Ball
3-2: Foul Ball, location: 3DF
3-2: Foul Ball, location: 2F
3-2: Foul Ball, location: 2F
3-2: Foul Ball, location: 2F
3-2: Foul Ball, location: 9LMF
3-2: Strikes out swinging
Batting: LHB Wil Solís 0-0: Swinging Strike
0-1: Foul Ball, location: 5F
0-2: Strikes out looking
Batting: LHB Peter Conrad 0-0: Called Strike
0-1: Called Strike
0-2: Strikes out swinging
Bottom of the 4th over - 0 runs, 0 hits, 0 errors, 0 left on base; California 0 - Arizona 0
TOP OF THE 5TH
California Angels batting - Pitching for Arizona Diamondbacks : RHP Anwell Kea
Batting: LHB Wilfredo Ocanas 0-0: Ball
1-0: Foul Ball, location: 2RF
1-1: Called Strike
1-2: Ground out 4-3 (Groundball, 4, EV 83.8 MPH)
Batting: RHB Isaac Keenan 0-0: Ball
1-0: Ball
2-0: Ball
3-0: Called Strike
3-1: Swinging Strike
3-2: SINGLE (Line Drive, 7LS, EV 98.1 MPH)
Batting: LHB Drury Robinson 0-0: Called Strike
Isaac Keenan steals 2nd base
0-1: Called Strike
0-2: Strikes out swinging
Batting: LHB Archer Carol 0-0: Called Strike
0-1: Fly out, F5 (Popup, 5F, EV 61.9 MPH)
Top of the 5th over - 0 runs, 1 hit, 0 errors, 1 left on base; California 0 - Arizona 0
BOTTOM OF THE 5TH
Arizona Diamondbacks batting - Pitching for California Angels : RHP Daniel Abreu
Batting: LHB Glenn Pichardo 0-0: Swinging Strike
0-1: Ground out 4-3 (Groundball, 4, EV 82.5 MPH)
Batting: RHB Duncan Hancock 0-0: Ball
1-0: Ball
2-0: Ball
3-0: Called Strike
3-1: Foul Ball, location: 23FF
3-2: Strikes out looking
Batting: LHB Michael Freeman 0-0: Ball
1-0: Called Strike
1-1: Called Strike
1-2: Ball
2-2: Ball
3-2: Foul Ball, location: 2F
3-2: Strikes out looking
Bottom of the 5th over - 0 runs, 0 hits, 0 errors, 0 left on base; California 0 - Arizona 0
TOP OF THE 6TH
California Angels batting - Pitching for Arizona Diamondbacks : RHP Anwell Kea
Batting: RHB River Grote 0-0: Ball
1-0: Ball
2-0: Foul Ball, location: 2F
2-1: Ball
3-1: Foul Ball, location: 2LF
3-2: Foul Ball, location: 2F
3-2: SINGLE (Line Drive, 4M, EV 105.0 MPH)
Batting: LHB Skyler Angelillo 0-0: Ball
1-0: Called Strike
1-1: Ball
2-1: Foul Ball, location: 9LMF
2-2: SINGLE (Groundball, 34D, EV 96.3 MPH)
River Grote to second
Runner from 2nd tries for 3rd, SAFE, throw by RF made to third
Batting: LHB Adrian Phillips 0-0: Ball
1-0: Swinging Strike
1-1: Ball
2-1: Ball
3-1: Fly out, F5 (Popup, 6S, EV 78.1 MPH)
Batting: RHB Luke Storey 0-0: Swinging Strike
0-1: Ball
1-1: Ball
2-1: Foul Ball, location: 2F
2-2: Ball
3-2: Foul Ball, location: 25F
3-2: Foul Ball, location: 5DF
3-2: Foul Ball, location: 3FF
3-2: Fly out, F8 (Flyball, 8RD, EV 107.5 MPH)
Runner from 3rd tags up, SCORES, throw by CF
Batting: SHB Michael Dodson 0-0: Fielders Choice at 2nd, 6-4 (Groundball, 6, EV 97.5 MPH)
Top of the 6th over - 1 run, 2 hits, 0 errors, 1 left on base; California 1 - Arizona 0
BOTTOM OF THE 6TH
Arizona Diamondbacks batting - Pitching for California Angels : RHP Daniel Abreu
Batting: RHB Tadd Bateman 0-0: Ground out 6-3 (Groundball, 6, EV 86.3 MPH)
Batting: RHB Josef Horne 0-0: Ball
1-0: SINGLE (Line Drive, 34D, EV 98.1 MPH)
Batting: RHB Luís Estrada 0-0: Ball
1-0: Foul Ball, location: 9LSF
1-1: Ball
2-1: Swinging Strike
2-2: Foul Ball, location: 9LMF
2-2: Grounds into double play, 5-4-3 (Groundball, 15, EV 85.6 MPH)
Bottom of the 6th over - 0 runs, 1 hit, 0 errors, 0 left on base; California 1 - Arizona 0
TOP OF THE 7TH
California Angels batting - Pitching for Arizona Diamondbacks : RHP Anwell Kea
Pitching: RHP Rod Vogt
Batting: LHB Wilfredo Ocanas 0-0: Ball
1-0: Fly out, F8 (Flyball, 8RS, EV 85.0 MPH)
Batting: RHB Isaac Keenan 0-0: Ball
1-0: Called Strike
1-1: Called Strike
1-2: Ball
2-2: Ball
3-2: Foul Ball, location: 9LMFF
3-2: Strikes out looking
Batting: LHB Drury Robinson 0-0: Fly out, F4 (Popup, 4S, EV 86.9 MPH)
Top of the 7th over - 0 runs, 0 hits, 0 errors, 0 left on base; California 1 - Arizona 0
BOTTOM OF THE 7TH
Arizona Diamondbacks batting - Pitching for California Angels : RHP Daniel Abreu
Batting: RHB Gaius Raton 0-0: Foul Ball, location: 5F
0-1: Fly out, F9 (Line Drive, 89M, EV 86.3 MPH)
Batting: LHB Wil Solís 0-0: Reached via error on a dropped throw from 1B, E1 (Groundball, 34S, EV 86.3 MPH)
Batting: LHB Peter Conrad 0-0: Swinging Strike
0-1: Ball
1-1: Swinging Strike
1-2: Strikes out looking
Batting: LHB Glenn Pichardo 0-0: 2-RUN HOME RUN (Flyball, 89XD, EV 100.0 MPH), Distance : 393 ft
Batting: RHB Duncan Hancock 0-0: Ball
1-0: Called Strike
1-1: SINGLE (Line Drive, 6D, EV 98.1 MPH)
Batting: LHB Michael Freeman 0-0: Ball
1-0: Called Strike
1-1: Foul Ball, location: 2RF
1-2: Foul Ball, location: 2F
1-2: Foul Ball, location: 2F
1-2: SINGLE (Groundball, 25, EV 70.0 MPH) (infield hit)
Duncan Hancock to second
Pitching: LHP Ricart Pena
Pinch Runner at 2nd Oliver Paradis:
Batting: RHB Tadd Bateman 0-0: Called Strike
0-1: Called Strike
0-2: Strikes out looking
Bottom of the 7th over - 2 runs, 3 hits, 1 error, 2 left on base; California 1 - Arizona 2
TOP OF THE 8TH
California Angels batting - Pitching for Arizona Diamondbacks : RHP Rod Vogt
Now at 3B: Enrique Mata
Batting: LHB Archer Carol 0-0: Ball
1-0: Ball
2-0: Ball
3-0: Called Strike
3-1: Foul Ball, location: 7LDF
3-2: Base on Balls
Batting: RHB River Grote 0-0: Ball
1-0: Foul Ball, location: 2F
1-1: Called Strike
1-2: Ball
2-2: Foul Ball, location: 5F
2-2: Ball
3-2: Grounds into double play, 4-6-3 (Groundball, 4, EV 88.8 MPH)
Batting: LHB Skyler Angelillo 0-0: Foul Ball, location: 7LSF
0-1: Ball
1-1: Called Strike
1-2: Ball
2-2: Ball
3-2: Fly out, F9 (Flyball, 9LS, EV 90.6 MPH)
Top of the 8th over - 0 runs, 0 hits, 0 errors, 0 left on base; California 1 - Arizona 2
BOTTOM OF THE 8TH
Arizona Diamondbacks batting - Pitching for California Angels : LHP Ricart Pena
Batting: RHB Josef Horne 0-0: Called Strike
0-1: Ball
1-1: Foul Ball, location: 5DF
1-2: Ground out 6-3 (Groundball, 6, EV 85.6 MPH)
Batting: RHB Luís Estrada 0-0: Swinging Strike
0-1: Foul Ball, location: 9LSF
0-2: Strikes out looking
Batting: RHB Gaius Raton 0-0: Swinging Strike
0-1: Ground out 6-3 (Groundball, 6, EV 110.6 MPH)
Bottom of the 8th over - 0 runs, 0 hits, 0 errors, 0 left on base; California 1 - Arizona 2
TOP OF THE 9TH
California Angels batting - Pitching for Arizona Diamondbacks : RHP Rod Vogt
Pitching: RHP J.R. White
Now at 1B: Josef Horne
Now at 2B: Micah Callis
Batting: LHB Adrian Phillips 0-0: Fly out, F8 (Flyball, 8LD, EV 94.4 MPH)
Batting: RHB Luke Storey 0-0: Called Strike
0-1: Ball
1-1: Ground out 4-3 (Groundball, 34, EV 88.1 MPH)
Batting: SHB Michael Dodson 0-0: Swinging Strike
0-1: Called Strike
0-2: Ball
1-2: DOUBLE (Flyball, 8LXD, EV 105.0 MPH)
Batting: LHB Wilfredo Ocanas 0-0: Called Strike
0-1: Ball
1-1: DOUBLE (Line Drive, 7LS, EV 100.0 MPH)
Michael Dodson scores
Pinch Hitting: LHB Sebastian Hines 0-0: Intentional Walk
Batting: LHB Drury Robinson 0-0: Foul Ball, location: 2F
0-1: Ball
1-1: Ball
2-1: Ball
3-1: SINGLE (Line Drive, 9S, EV 97.5 MPH)
Wilfredo Ocanas to third
Sebastian Hines to second
Runner from 3rd tries for Home, SAFE, throw by RF to home
Batting: LHB Archer Carol 0-0: Called Strike
0-1: Ball
1-1: Ball
2-1: Swinging Strike
2-2: Ball
3-2: Foul Ball, location: 5DF
3-2: Fly out, F1 (Line Drive, P, EV 63.8 MPH)
Top of the 9th over - 2 runs, 3 hits, 0 errors, 2 left on base; California 3 - Arizona 2
BOTTOM OF THE 9TH
Arizona Diamondbacks batting - Pitching for California Angels : LHP Ricart Pena
Now at 2B: Jess Granberg
Batting: LHB Wil Solís 0-0: Called Strike
0-1: Swinging Strike
0-2: Ball
1-2: Fly out, F7 (Flyball, 7D, EV 88.8 MPH)
Batting: RHB Micah Callis 0-0: Ball
1-0: Ball
2-0: Called Strike
2-1: Swinging Strike
2-2: Foul Ball, location: 9LSF
2-2: Ball
3-2: Strikes out swinging
Batting: LHB Glenn Pichardo 0-0: SINGLE (Groundball, 4MD, EV 93.8 MPH)
Batting: SHB Enrique Mata 0-0: Foul Ball, location: 9LMF
0-1: Ball
1-1: Ball
2-1: Reached on error, E6 (Groundball, 6, EV 109.4 MPH)
Glenn Pichardo to second
Batting: LHB Michael Freeman 0-0: Called Strike
0-1: Ball
1-1: Fly out, F9 (Flyball, 89M, EV 90.0 MPH)
Bottom of the 9th over - 0 runs, 1 hit, 1 error, 2 left on base; California 3 - Arizona 2
Wednesday, April 17th , 2024 - OOTP Baseball 24.11 Build 85